Match 41228283
Unlisted

Match 41228283
End
Engineer Squad
Construct Barracks
Selects Heavy Weapons
Riflemen Squad
1⁄4-ton 4x4 Truck
Riflemen Squad
Riflemen Squad
Infantry Support Center
Construct Medical Station
Construct Motor Pool
Selects Assault Carriers
M8 Greyhound Armored Car
Grenade Package
M1918 Browning Automatic Rifles
M1 Anti-tank Gun Team
Selects Exchangeable Parts
Selects M2HB .50cal Heavy Machine Gun
Construct Tank Depot
KevinTDW
CrazyTiger
0
0

Comments sign in to comment!

No comments posted yet!